 Dungeon Crawl Stone Soup version 0.24-a0-584-g9d6b971ae4 (webtiles) character file.

Game seed: 14855292939255143995, levelgen mode: classic

3235 Engwar the Magician (level 9, -4/106 HPs)
             Began as a Gnoll Warper on Aug 20, 2019.
             Was an Initiate of Ashenzari.
             Slain by a killer bee (5 damage)
             ... on level 9 of the Dungeon on Aug 29, 2019.
             The game lasted 00:41:16 (8843 turns).

Engwar the Magician (Gnoll Warper)                  Turns: 8843, Time: 00:41:16

Health: -4/106     AC: 24    Str: 14      XL:     9   Next: 98%
Magic:  19/19      EV:  2    Int: 17      God:    Ashenzari [......]
Gold:   441        SH:  0    Dex: 14 (16) Spells: 7/21 levels left

rFire    + . .     SeeInvis .   a - +0 morningstar
rCold    . . .     Gourm    .   (no shield)
rNeg     + + +     Faith    .   (armour currently unavailable)
rPois    +         Spirit   .   (helmet currently unavailable)
rElec    .         Reflect  .   (cloak currently unavailable)
rCorr    .         Harm     .   (gloves currently unavailable)
MR       .....     NoTele   +   (boots currently unavailable)
Stlth    +++.......             m - amulet of rage
HPRegen  0.27/turn              w - ring of protection from fire
MPRegen  0.16/turn              (no ring)

@: lethally poisoned (-4 -> -9), tree-form
A: distributed training, strong nose
a: Curse Item, Renounce Religion, Evoke Berserk Rage


You were on level 9 of the Dungeon.
You worshipped Ashenzari.
Ashenzari was noncommittal.
You were not hungry.
You were a tree.
You visited 2 branches of the dungeon, and saw 10 of its levels.
You also visited: Sewer.

You collected 577 gold pieces.
You spent 136 gold pieces at shops.

Inventory:

Hand Weapons
 a - a +0 morningstar (weapon)
 b - a +0 hunting sling
 c - a +2 short sword of venom
 v - a +2 whip of draining
 A - a +1 whip of venom
Missiles
 e - a boomerang of dispersal (quivered)
 i - 414 stones
 o - 6 boomerangs
Armour
 n - a +1 leather armour (melded)
 z - a +1 pair of gloves (melded)
Magical Staves
 y - an uncursed staff of wizardry
Jewellery
 m - an amulet of rage (around neck)
 w - a ring of protection from fire (left branch)
Wands
 t - a wand of paralysis (15)
 u - a wand of iceblast (12)
 x - a wand of acid (2)
Scrolls
 d - 5 scrolls of blinking
 h - 2 scrolls of fear
 j - 2 scrolls of amnesia
 p - a scroll of enchant weapon
 q - 4 scrolls of teleportation
 B - 3 scrolls of fog
 C - a scroll of identify
Potions
 k - a potion of lignification
 l - 3 potions of flight
 r - a potion of magic
 s - a potion of invisibility
 D - a potion of mutation
Comestibles
 f - 7 rations


   Skills:
 + Level 6.6 Fighting
 + Level 4.6 Short Blades
 + Level 4.6 Long Blades
 + Level 4.6 Axes
 + Level 6.6 Maces & Flails
 + Level 4.6 Polearms
 + Level 4.6 Staves
 + Level 4.6 Slings
 + Level 4.6 Bows
 + Level 4.6 Crossbows
 + Level 5.4 Throwing
 + Level 5.4 Armour
 + Level 6.6 Dodging
 + Level 4.6 Stealth
 + Level 4.6 Shields
 + Level 4.6 Unarmed Combat
 + Level 6.9 Spellcasting
 + Level 3.8 Conjurations
 + Level 3.8 Hexes
 + Level 3.8 Charms
 + Level 3.8 Summonings
 + Level 3.8 Necromancy
 + Level 6.7 Translocations
 + Level 3.8 Transmutations
 + Level 3.8 Fire Magic
 + Level 3.8 Ice Magic
 + Level 3.8 Air Magic
 + Level 3.8 Earth Magic
 + Level 3.8 Poison Magic
 + Level 5.1 Invocations
 + Level 4.6 Evocations


You had 7 spell levels left.
You knew the following spells:

 Your Spells              Type           Power        Failure   Level  Hunger
a - Blink                 Tloc           N/A          1%          2    None
b - Shroud of Golubria    Chrm/Tloc      ###...       1%          2    None
c - Teleport Other        Tloc           ####....     2%          3    ##.....
d - Gell's Gravitas       Tloc           ####......   2%          3    ##.....
f - Corona                Hex            ###....      2%          1    None
g - Confuse               Hex            ###.....     7%          3    ##.....

Your spell library contained the following spells:

 Spells                   Type           Power        Failure   Level  Hunger
 Beastly Appendage        Tmut           ###...       2%          1    None
 Confusing Touch          Hex            ###...       2%          1    None
 Lesser Beckoning         Tloc           ####......   2%          3    ##.....
 Slow                     Hex            ###.....     3%          2    None
 Sticks to Snakes         Tmut           ###.....     3%          2    None
 Portal Projectile        Hex/Tloc       ###...       4%          3    ##.....
 Inner Flame              Hex/Fire       ###.....     7%          3    ##.....
 Spider Form              Tmut/Pois      ###.......   7%          3    ##.....
 Passage of Golubria      Tloc           N/A          7%          4    ####...
 Cause Fear               Hex            ###.......   24%         4    ####...
 Ice Form                 Ice/Tmut       ###.....     24%         4    ####...
 Leda's Liquefaction      Hex/Erth       ###.......   24%         4    ####...
 Petrify                  Tmut/Erth      ###.....     24%         4    ####...
 Blade Hands              Tmut           ###.......   54%         5    #####..
 Metabolic Englaciation   Hex/Ice        ###.......   54%         5    #####..
 Silence                  Hex/Air        ###.......   54%         5    #####..
 Yara's Violent Unravell  Hex/Tmut       ###.......   54%         5    #####..
 Deflect Missiles         Chrm/Air       ###.......   98%         6    #######
 Discord                  Hex            ###.......   100%        8    #######


Dungeon Overview and Level Annotations

Branches:
Dungeon (9/15)             Temple (1/1) D:7
   Lair: D:8-11         Orc: D:9-12

Altars:
Ashenzari
Cheibriados
Dithmenos
Elyvilon
Fedhas
Gozag
Hepliaklqana
Kikubaaqudgha
Makhleb
Nemelex Xobeh
Okawaru
Qazlal
Ru
Sif Muna
Trog
Uskayaw
Vehumet
Wu Jian
Xom
Yredelemnul
Zin
The Shining One

Shops:
D:4 (   D:6 [

Annotations:
D:8 Erica, Harold, Maurice, Prince Ribbit


Innate Abilities, Weirdness & Mutations

Your experience applies equally to all skills.
((You have very sharp teeth.))
Your uncanny sense of smell can sniff out nearby items.


Message History

The killer bee is lightly wounded.
* * * LOW HITPOINT WARNING * * *
You feel sick. The killer bee completely misses you.
The killer bee barely misses you.
You hit the killer bee.
The killer bee is heavily wounded.
* * * LOW HITPOINT WARNING * * *
You feel sick.
The killer bee stings you but does no damage. x3
Unknown command.
You miss the killer bee.
The killer bee is heavily wounded.
* * * LOW HITPOINT WARNING * * *
You feel sick.
The killer bee stings you but does no damage. x2
You sock the killer bee!
You kill the killer bee!
* * * LOW HITPOINT WARNING * * *
You feel sick. The killer bee stings you.
You die...

#... #.......#..
#.. ..#.....###..
#.. ..#.....####+
#.# #.#..........
#.# #.#..........
#.# #.#..........
#.# #.#..........
#y# #.#..........
#♣####.'.....##..#
#.?....#.....##..#
#......#..........
#..#...#..........
#..#...#..........
#..#...#..........
#..#..[##########'
#.................
#...^..........###


You could see a killer bee.

Vanquished Creatures
  2 hungry ghosts
  Duvessa (D:6)
  Purgy (Sewer)
  A sky beast (D:5)
  2 orc warriors (D:6)
  An ice beast (D:6)
  4 ogres
  3 centaurs
  A big kobold (D:8)
  5 bullfrogs
  2 scorpions (D:7)
  A wyvern skeleton (D:7)
  Dowan (D:6)
  3 killer bees (D:9)
  2 howler monkeys
  3 crimson imps
  A bullfrog zombie (D:5)
  A quasit (D:7)
  A centaur skeleton (D:9)
  2 jellies
  12 orc wizards
  3 orc priests
  2 hounds
  3 worker ants
  A hound skeleton (D:7)
  A howler monkey skeleton (D:4)
  7 adders
  2 shadow imps (D:5)
  2 oozes (D:4)
  An adder skeleton (D:3)
  4 worms
  4 dart slugs
  8 leopard geckos
  26 orcs
  6 giant cockroaches
  4 hobgoblins
  11 jackals
  19 kobolds
  3 ball pythons
  10 bats
  5 frilled lizards
  10 goblins
  A jackal zombie (D:7)
  2 quokka skeletons
  8 rats
193 creatures vanquished.

Vanquished Creatures (others)
  An orc (D:8)
1 creature vanquished.

Grand Total: 194 creatures vanquished

Notes
Turn   | Place    | Note
-------+----------+-------------------------------------------
     0 | D:1      | Engwar the Gnoll Warper began the quest for the Orb.
     0 | D:1      | Reached XP level 1. HP: 20/20 MP: 6/6
   110 | D:1      | Reached XP level 2. HP: 19/26 MP: 7/7
   118 | D:1      | Learned a level 2 spell: Blink
   121 | D:1      | Learned a level 2 spell: Shroud of Golubria
   306 | D:1      | Reached XP level 3. HP: 26/31 MP: 9/9
   352 | D:1      | Reached skill level 5 in Spellcasting
   367 | D:1      | Learned a level 3 spell: Teleport Other
   371 | D:1      | Learned a level 3 spell: Gell's Gravitas
   688 | D:2      | Reached skill level 1 in Invocations
   766 | D:2      | Reached skill level 1 in Short Blades
   766 | D:2      | Reached skill level 1 in Long Blades
   766 | D:2      | Reached skill level 1 in Axes
   766 | D:2      | Reached skill level 1 in Polearms
   766 | D:2      | Reached skill level 1 in Staves
   766 | D:2      | Reached skill level 1 in Slings
   766 | D:2      | Reached skill level 1 in Bows
   766 | D:2      | Reached skill level 1 in Crossbows
   766 | D:2      | Reached skill level 1 in Stealth
   766 | D:2      | Reached skill level 1 in Shields
   766 | D:2      | Reached skill level 1 in Unarmed Combat
   766 | D:2      | Reached skill level 1 in Evocations
   766 | D:2      | Reached XP level 4. HP: 23/38 MP: 11/11
  1241 | D:3      | Reached skill level 1 in Conjurations
  1241 | D:3      | Reached skill level 1 in Hexes
  1241 | D:3      | Reached skill level 1 in Charms
  1241 | D:3      | Reached skill level 1 in Summonings
  1241 | D:3      | Reached skill level 1 in Necromancy
  1241 | D:3      | Reached skill level 1 in Transmutations
  1241 | D:3      | Reached skill level 1 in Fire Magic
  1241 | D:3      | Reached skill level 1 in Ice Magic
  1241 | D:3      | Reached skill level 1 in Air Magic
  1241 | D:3      | Reached skill level 1 in Earth Magic
  1241 | D:3      | Reached skill level 1 in Poison Magic
  1331 | D:3      | Reached XP level 5. HP: 28/43 MP: 12/12
  1967 | D:4      | Noticed an ogre
  1993 | D:4      | Killed an ogre
  1993 | D:4      | Reached XP level 6. HP: 38/50 MP: 13/13
  2251 | D:4      | Reached skill level 5 in Fighting
  2251 | D:4      | Reached skill level 5 in Maces & Flails
  2251 | D:4      | Reached skill level 5 in Dodging
  2784 | D:4      | Found Yngaiseo's Antique Weapon Shop.
  2792 | D:4      | Bought a morningstar for 136 gold pieces
  2879 | D:5      | Entered Level 5 of the Dungeon
  2888 | D:5      | Reached XP level 7. HP: 46/56 MP: 15/15
  3306 | D:5      | Found a glowing drain.
  3325 | Sewer    | Entered a sewer
  3391 | Sewer    | Noticed Purgy
  3408 | Sewer    | Killed Purgy
  3881 | D:6      | Found Unte's Armour Emporium.
  4178 | D:6      | Reached XP level 8. HP: 63/63 MP: 16/16
  4181 | D:6      | Learned a level 1 spell: Confusing Touch
  4467 | D:6      | Noticed Dowan
  4500 | D:6      | Killed Dowan
  4530 | D:6      | Noticed Duvessa
  4551 | D:6      | Killed Duvessa
  5427 | D:7      | Reached XP level 9. HP: 15/69 MP: 18/18
  5716 | D:7      | Found a hide-covered altar of Uskayaw.
  5719 | D:7      | Learned a level 1 spell: Corona
  5723 | D:7      | Learned a level 3 spell: Confuse
  5725 | D:7      | Found a bloodstained altar of Trog.
  5749 | D:7      | Found a staircase to the Ecumenical Temple.
  5798 | Temple   | Entered the Ecumenical Temple
  5827 | Temple   | Became a worshipper of Ashenzari the Shackled
  6467 | D:7      | Found a glowing silver altar of Zin.
  6468 | D:7      | Found a glowing golden altar of the Shining One.
  6511 | D:6      | Upgraded the game from 0.24-a0-549-g45f0056d81 to
                  | 0.24-a0-584-g9d6b971ae4
  6883 | D:7      | Reached skill level 5 in Throwing
  6883 | D:7      | Reached skill level 5 in Armour
  7143 | D:7      | Found a basalt altar of Yredelemnul.
  7365 | D:7      | Found a hazy altar of Hepliaklqana.
  7609 | D:8      | Noticed Prince Ribbit
  7899 | D:8      | Reached skill level 5 in Invocations
  7936 | D:8      | Noticed Erica
  8193 | D:8      | Noticed Harold
  8211 | D:8      | Noticed Maurice
  8839 | D:9      | HP: 5/106 [poisoned by a killer bee]
  8842 | D:9      | HP: 2/106 [poisoned by a killer bee]
  8843 | D:9      | Slain by a killer bee

Levels and vault maps discovered:
D:1:      lightli_arrival_isolated_outpost, layout_basic
D:2:      layout_rooms
D:3:      layout_rooms, dk_noncrumbling_3, minivault_27
D:4:      layout_basic, first_ration, serial_shops, shop
D:5:      layout_rooms, portal_sewer_entry_f, minmay_small_thing
D:6:      layout_loops_cross, serial_shops, kennysheep_little_box,
          serial_bayou_pond_c, uniq_duvessa
D:7:      layout_layer_cave, nicolae_overflow_hidden_temple,
          lemuel_coloured_pillars_altar, minmay_temple_entry_tees
D:8:      layout_basic, nicolae_lava_and_water, uniq_prince_ribbit1, uniq_grum,
          uniq_harold, uniq_joseph, uniq_erica, uniq_maurice
D:9:      layout_stronghold
Temple:   regret_index_temple_sphere_string

Skill      XL: |  1  2  3  4  5  6  7  8  9 |
---------------+----------------------------+-----
Spellcasting   | 5 6 |  6.9
Invocations    | 1 2 3 4 5 |  5.1
Short Blades   | 1 2 3 4 |  4.6
Long Blades    | 1 2 3 4 |  4.6
Axes           | 1 2 3 4 |  4.6
Polearms       | 1 2 3 4 |  4.6
Staves         | 1 2 3 4 |  4.6
Slings         | 1 2 3 4 |  4.6
Bows           | 1 2 3 4 |  4.6
Crossbows      | 1 2 3 4 |  4.6
Stealth        | 1 2 3 4 |  4.6
Shields        | 1 2 3 4 |  4.6
Unarmed Combat | 1 2 3 4 |  4.6
Evocations     | 1 2 3 4 |  4.6
Conjurations   | 1 2 3 |  3.8
Hexes          | 1 2 3 |  3.8
Charms         | 1 2 3 |  3.8
Summonings     | 1 2 3 |  3.8
Necromancy     | 1 2 3 |  3.8
Transmutations | 1 2 3 |  3.8
Fire Magic     | 1 2 3 |  3.8
Ice Magic      | 1 2 3 |  3.8
Air Magic      | 1 2 3 |  3.8
Earth Magic    | 1 2 3 |  3.8
Poison Magic   | 1 2 3 |  3.8
Throwing       | 3 4 5 |  5.4
Armour         | 3 4 5 |  5.4
Fighting       | 5 6 |  6.6
Maces & Flails | 5 6 |  6.6
Dodging        | 5 6 |  6.6
Translocations | 6 |  6.7

Action                   |  1- 3 |  4- 6 |  7- 9 || total
-------------------------+-------+-------+-------++-------
Melee: Short sword       |   115 |   174 |   101 ||   390
       Mace              |     3 |       |       ||     3
       Bite              |     7 |    29 |    50 ||    86
       Punch             |       |     3 |    12 ||    15
       Morningstar       |       |     7 |   262 ||   269
       Whip              |       |       |   163 ||   163
 Fire: Hunting sling     |       |       |     3 ||     3
Throw: Boomerang         |       |     2 |     2 ||     4
 Cast: Blink             |       |       |     4 ||     4
       Confusing Touch   |       |       |     4 ||     4
       Shroud of Golubri |       |       |     9 ||     9
       Confuse           |       |       |     5 ||     5
Evoke: Wand              |       |       |     7 ||     7
  Use: Scroll            |       |    12 |     8 ||    20
       Potion            |       |     2 |     5 ||     7
 Stab: Sleeping          |       |     2 |     9 ||    11
       Paralysed         |       |       |     3 ||     3
       Confused          |       |       |     3 ||     3
  Eat: Chunk             |       |     3 |    10 ||    13
       Ration            |       |     1 |     7 ||     8
Armor: Leather armour    |    33 |    28 |   148 ||   209
       Skin              |       |       |    24 ||    24
Dodge: Dodged            |    99 |   120 |   465 ||   684

Table legend:
 A = Non-vault XP
 B = Vault XP
 C = Vault XP percentage of total XP
 D = Non-vault monster count
 E = Vault monster count
 F = Vault count percentage of total count
                 A         B        C        D         E       F
            +---------+---------+-------+---------+---------+-------
      Total |    4160 |     462 |  10.0 |     177 |      16 |   8.3
            +---------+---------+-------+---------+---------+-------
        D:1 |      49 |       0 |   0.0 |      32 |       0 |   0.0
        D:2 |      78 |       0 |   0.0 |      26 |       0 |   0.0
        D:3 |      56 |       0 |   0.0 |      17 |       0 |   0.0
        D:4 |     405 |       0 |   0.0 |      17 |       0 |   0.0
        D:5 |     360 |     100 |  21.7 |       9 |       8 |  47.1
        D:6 |    1084 |     218 |  16.7 |      18 |       2 |  10.0
        D:7 |    1137 |       0 |   0.0 |      35 |       0 |   0.0
        D:8 |     725 |       0 |   0.0 |      18 |       0 |   0.0
        D:9 |     266 |       0 |   0.0 |       5 |       0 |   0.0
      Sewer |       0 |     144 | 100.0 |       0 |       6 | 100.0
            +---------+---------+-------+---------+---------+-------
